BSA
SAN FRANCISCO BANDITS @ ORLANDO CALRISSIAN
04/10/2026
 
TOP OF THE 1ST
San Francisco Bandits batting - Pitching for Orlando Calrissian : LHP Mike Murray
Pitching: LHP Mike Murray
Batting: RHB Pete Rideout 0-0: Called Strike
0-1: Called Strike
0-2: Strikes out swinging
Batting: LHB Jerry Bryan 0-0: Ball
1-0: Called Strike
1-1: Foul Ball, location: 2F
1-2: Foul Ball, location: 2F
1-2: Ball
2-2: Ground out 5-3 (Groundball, 56S)
Batting: RHB Jorge Morales 0-0: Foul Ball, location: 2F
0-1: Ground out 6-3 (Groundball, 6)
Top of the 1st over - 0 run(s), 0 hit(s), 0 error(s), 0 left on base; San Francisco 0 - Orlando 0
BOTTOM OF THE 1ST
Orlando Calrissian batting - Pitching for San Francisco Bandits : LHP Pancho Guerrero
Pitching: LHP Pancho Guerrero
Batting: LHB Danny Allen 0-0: Swinging Strike
0-1: Ball
1-1: SINGLE (Line Drive, 7LS)
Batting: SHB Tim Abbott 0-0: Ball
Wild Pitch!
Danny Allen to second
1-0: Called Strike
1-1: Foul Ball, location: 2F
1-2: Foul Ball, location: 2F
1-2: Ground out 6-3 (Groundball, 56)
Batting: LHB Santiago Márquez 0-0: Called Strike
0-1: SINGLE (Line Drive, 4)
Danny Allen to third
Batting: RHB Rich Anderson 0-0: Called Strike
0-1: Ball
1-1: Foul Ball, location: 2F
1-2: Ball
2-2: Foul Ball, location: 2F
2-2: Foul Ball, location: 2F
2-2: Ball
3-2: Grounds into double play, 6-4-3 (Groundball, 6)
Bottom of the 1st over - 0 run(s), 2 hit(s), 0 error(s), 1 left on base; San Francisco 0 - Orlando 0
TOP OF THE 2ND
San Francisco Bandits batting - Pitching for Orlando Calrissian : LHP Mike Murray
Batting: RHB Michael Elliott 0-0: Foul Ball, location: 2F
0-1: Ball
1-1: Foul Ball, location: 2F
1-2: Ball
2-2: Strikes out swinging
Batting: RHB Cory Foster 0-0: Ball
1-0: Ground out 6-3 (Groundball, 6M)
Batting: SHB Vicente Ricks 0-0: Called Strike
0-1: Foul Ball, location: 2F
0-2: Ball
1-2: Strikes out swinging
Top of the 2nd over - 0 run(s), 0 hit(s), 0 error(s), 0 left on base; San Francisco 0 - Orlando 0
BOTTOM OF THE 2ND
Orlando Calrissian batting - Pitching for San Francisco Bandits : LHP Pancho Guerrero
Batting: RHB Raúl Canó 0-0: Called Strike
0-1: Ball
1-1: Called Strike
1-2: Fly out, F6 (Popup, 6M)
Batting: RHB Frederico Hernández 0-0: Ball
1-0: Ball
2-0: Ball
3-0: Called Strike
3-1: Swinging Strike
3-2: SINGLE (Groundball, 34D)
Batting: LHB Juan Colón 0-0: Called Strike
0-1: Foul Ball, location: 2F
0-2: Ball
1-2: Ball
2-2: Ball
3-2: SINGLE (Flyball, 78S)
Frederico Hernández to second
Frederico Hernández to third
Batting: RHB Enrique Bermúdez 0-0: Ball
1-0: Ball
2-0: Foul Ball, location: 2F
2-1: Foul Ball, location: 2F
2-2: Fly out, F8 (Flyball, 8LM)
Batting: RHB Robby Lewis 0-0: Ball
1-0: Called Strike
1-1: Called Strike
1-2: Strikes out swinging
Bottom of the 2nd over - 0 run(s), 2 hit(s), 0 error(s), 2 left on base; San Francisco 0 - Orlando 0
TOP OF THE 3RD
San Francisco Bandits batting - Pitching for Orlando Calrissian : LHP Mike Murray
Batting: RHB Bob Orr 0-0: Ground out 4-3 (Groundball, 4)
Batting: RHB Emílio Bruno 0-0: Called Strike
0-1: Fly out, F8 (Flyball, 8LS)
Batting: RHB Javier Ramírez 0-0: Ground out 5-3 (Groundball, 5S)
Top of the 3rd over - 0 run(s), 0 hit(s), 0 error(s), 0 left on base; San Francisco 0 - Orlando 0
BOTTOM OF THE 3RD
Orlando Calrissian batting - Pitching for San Francisco Bandits : LHP Pancho Guerrero
Batting: LHB Danny Allen 0-0: Called Strike
0-1: Ball
1-1: Ball
2-1: Ball
3-1: Foul Ball, location: 2F
3-2: Base on Balls
Batting: SHB Tim Abbott 0-0: Called Strike
0-1: Ball
Danny Allen steals 2nd base
1-1: Ball
2-1: Foul Ball, location: 2F
2-2: SINGLE (Groundball, 6)
Danny Allen to third
Runner from 3rd tries for Home, SAFE, no throw or cutoff
Batting: LHB Santiago Márquez 0-0: Foul Ball, location: 2F
0-1: Foul Ball, location: 2F
Pickoff Throw to First - Out!
0-2: Strikes out swinging
Batting: RHB Rich Anderson 0-0: Ball
1-0: Ball
2-0: Ball
3-0: Base on Balls
Batting: RHB Raúl Canó 0-0: Called Strike
0-1: Ball
1-1: Fly out, F8 (Flyball, 8LD)
Bottom of the 3rd over - 1 run(s), 1 hit(s), 0 error(s), 1 left on base; San Francisco 0 - Orlando 1
TOP OF THE 4TH
San Francisco Bandits batting - Pitching for Orlando Calrissian : LHP Mike Murray
Batting: RHB Pete Rideout 0-0: Ball
1-0: Ball
2-0: DOUBLE (Line Drive, 7LS)
Batting: LHB Jerry Bryan 0-0: Ball
1-0: Called Strike
1-1: Ball
2-1: Called Strike
2-2: SINGLE (Flyball, 3D)
Pete Rideout to third
Batting: RHB Jorge Morales 0-0: Ball
1-0: Called Strike
1-1: Ball
2-1: SINGLE (Groundball, 56D)
Pete Rideout scores
Jerry Bryan to second
Batting: RHB Michael Elliott 0-0: Ball
1-0: Ball
2-0: Called Strike
2-1: Foul Ball, location: 2F
2-2: Ground out 5-3 (Groundball, 5S)
Jerry Bryan to third
Jorge Morales to second
Batting: RHB Cory Foster 0-0: Ball
1-0: Ground out 6-3 (Groundball, 6M)
Jerry Bryan scores
Jorge Morales to third
Pitching: RHP John Thompson
Batting: SHB Vicente Ricks 0-0: Fly out, F9 (Flyball, 89M)
Top of the 4th over - 2 run(s), 3 hit(s), 0 error(s), 1 left on base; San Francisco 2 - Orlando 1
BOTTOM OF THE 4TH
Orlando Calrissian batting - Pitching for San Francisco Bandits : LHP Pancho Guerrero
Batting: RHB Frederico Hernández 0-0: Ball
1-0: Ball
2-0: SOLO HOME RUN (Flyball, 7D), Distance : 384 ft
Batting: LHB Juan Colón 0-0: Called Strike
0-1: Fly out, F9 (Flyball, 89M)
Batting: RHB Enrique Bermúdez 0-0: Called Strike
0-1: Called Strike
0-2: Ball
1-2: Ball
2-2: Ball
3-2: Base on Balls
Batting: RHB Robby Lewis 0-0: Ball
Wild Pitch!
Enrique Bermúdez to second
1-0: Called Strike
1-1: Swinging Strike
1-2: Ground out 6-3 (Groundball, 6)
Batting: LHB Danny Allen 0-0: Ball
1-0: Ground out 1-3 (Groundball, 15S)
Bottom of the 4th over - 1 run(s), 1 hit(s), 0 error(s), 1 left on base; San Francisco 2 - Orlando 2
TOP OF THE 5TH
San Francisco Bandits batting - Pitching for Orlando Calrissian : RHP John Thompson
Batting: RHB Bob Orr 0-0: Ball
1-0: Ball
2-0: Foul Ball, location: 2F
2-1: Ball
3-1: Base on Balls
Batting: RHB Emílio Bruno 0-0: Swinging Strike
0-1: Called Strike
0-2: Strikes out looking
Batting: RHB Javier Ramírez 0-0: Called Strike
0-1: Foul Ball, location: 2F
0-2: Strikes out swinging
Batting: RHB Pete Rideout 0-0: Ball
1-0: Fly out, F8 (Flyball, 8RD)
Top of the 5th over - 0 run(s), 0 hit(s), 0 error(s), 1 left on base; San Francisco 2 - Orlando 2
BOTTOM OF THE 5TH
Orlando Calrissian batting - Pitching for San Francisco Bandits : LHP Pancho Guerrero
Batting: SHB Tim Abbott 0-0: Foul Ball, location: 2F
0-1: Ball
1-1: Called Strike
1-2: Strikes out swinging
Batting: LHB Santiago Márquez 0-0: Ball
1-0: Foul Ball, location: 2F
1-1: Foul Ball, location: 2F
1-2: Ball
2-2: Ground out 1-3 (Groundball, 23)
Batting: RHB Rich Anderson 0-0: Called Strike
0-1: Ball
1-1: DOUBLE (Line Drive, 7LS)
Batting: RHB Raúl Canó 0-0: SINGLE (Line Drive, 6MD)
Rich Anderson to third
Batting: RHB Frederico Hernández 0-0: Called Strike
0-1: Swinging Strike
0-2: Ball
1-2: Ball
2-2: Foul Ball, location: 2F
2-2: Ball
3-2: Foul Ball, location: 2F
3-2: SINGLE (Line Drive, 6)
Rich Anderson scores
Raúl Canó to second
Raúl Canó to third
Batting: LHB Juan Colón 0-0: Ball
1-0: Foul Ball, location: 2F
1-1: Foul Ball, location: 2F
1-2: Foul Ball, location: 2F
1-2: Ball
2-2: SINGLE (Flyball, 8LS)
Raúl Canó scores
Frederico Hernández to second
Runner from 2nd tries for 3rd, SAFE, throw made to third
Pitching: RHP Mal Park
Batting: RHB Enrique Bermúdez 0-0: Ball
1-0: Swinging Strike
1-1: Foul Ball, location: 2F
1-2: Foul Ball, location: 2F
1-2: Foul Ball, location: 2F
1-2: Ball
2-2: Foul Ball, location: 2F
2-2: Ball
3-2: Fly out, F7 (Flyball, 78XD)
Bottom of the 5th over - 2 run(s), 4 hit(s), 0 error(s), 2 left on base; San Francisco 2 - Orlando 4
TOP OF THE 6TH
San Francisco Bandits batting - Pitching for Orlando Calrissian : RHP John Thompson
Batting: LHB Jerry Bryan 0-0: Ball
1-0: Ball
2-0: Called Strike
2-1: SOLO HOME RUN (Flyball, 9D), Distance : 382 ft
Batting: RHB Jorge Morales 0-0: Ball
1-0: Called Strike
1-1: Foul Ball, location: 2F
1-2: Foul Ball, location: 2F
1-2: Ball
2-2: Ball
3-2: Base on Balls
Batting: RHB Michael Elliott 0-0: Ball
Jorge Morales steals 2nd base
1-0: Foul Ball, location: 2F
1-1: Ball
2-1: Swinging Strike
2-2: Ground out 6-3 (Groundball, 6M)
Jorge Morales to third
Batting: RHB Cory Foster 0-0: Ball
1-0: Foul Ball, location: 2F
1-1: Foul Ball, location: 2F
1-2: Ball
2-2: SINGLE (Groundball, 56D)
Jorge Morales scores
Batting: SHB Vicente Ricks 0-0: DOUBLE (Flyball, 9LD)
Cory Foster to third
Batting: RHB Bob Orr 0-0: Ball
1-0: Ball
2-0: Ball
3-0: Called Strike
3-1: Base on Balls
Batting: RHB Emílio Bruno 0-0: DOUBLE (Flyball, 78XD)
Cory Foster scores
Vicente Ricks scores
Bob Orr to third
Pitching: RHP Bernardo Hernández
Batting: RHB Javier Ramírez 0-0: Ball
1-0: Foul Ball, location: 2F
1-1: Ball
2-1: Swinging Strike
2-2: Strikes out looking
Batting: RHB Pete Rideout 0-0: Hit by Pitch
Batting: LHB Jerry Bryan 0-0: Foul Ball, location: 2F
0-1: Foul Ball, location: 2F
0-2: Foul Ball, location: 2F
0-2: Ball
1-2: Ball
2-2: SINGLE (Groundball, 34D)
Bob Orr scores
Emílio Bruno to third
Pete Rideout to second
Runner from 3rd tries for Home, SAFE, no throw or cutoff
Batting: RHB Jorge Morales 0-0: Ball
1-0: Called Strike
1-1: Called Strike
1-2: Foul Ball, location: 2F
1-2: Ball
2-2: SINGLE (Groundball, 34D)
Pete Rideout to third
Jerry Bryan to second
Runner from 3rd tries for Home, SAFE, no throw or cutoff
Batting: RHB Michael Elliott 0-0: Ball
1-0: Ball
2-0: Called Strike
2-1: Foul Ball, location: 2F
2-2: Ground out 5-3 (Groundball, 5S)
Top of the 6th over - 7 run(s), 6 hit(s), 0 error(s), 2 left on base; San Francisco 9 - Orlando 4
BOTTOM OF THE 6TH
Orlando Calrissian batting - Pitching for San Francisco Bandits : RHP Mal Park
Batting: RHB Robby Lewis 0-0: Foul Ball, location: 2F
0-1: Ground out 4-3 (Groundball, 4)
Batting: LHB Danny Allen 0-0: Called Strike
0-1: Ball
1-1: Foul Ball, location: 2F
1-2: Ball
2-2: Foul Ball, location: 2F
2-2: Fly out, F7 (Line Drive, 7D)
Batting: SHB Tim Abbott 0-0: Ground out 4-3 (Groundball, 34)
Bottom of the 6th over - 0 run(s), 0 hit(s), 0 error(s), 0 left on base; San Francisco 9 - Orlando 4
TOP OF THE 7TH
San Francisco Bandits batting - Pitching for Orlando Calrissian : RHP Bernardo Hernández
Batting: RHB Cory Foster 0-0: Foul Ball, location: 2F
0-1: Fly out, F8 (Flyball, 8LM)
Batting: SHB Vicente Ricks 0-0: Ball
1-0: Swinging Strike
1-1: Fly out, F8 (Flyball, 8RM)
Batting: RHB Bob Orr 0-0: Called Strike
0-1: Ball
1-1: Called Strike
1-2: SINGLE (Groundball, 15S) (infield hit)
Batting: RHB Emílio Bruno 0-0: Called Strike
0-1: Ball
1-1: Fly out, F9 (Flyball, 9S)
Top of the 7th over - 0 run(s), 1 hit(s), 0 error(s), 1 left on base; San Francisco 9 - Orlando 4
BOTTOM OF THE 7TH
Orlando Calrissian batting - Pitching for San Francisco Bandits : RHP Mal Park
Batting: LHB Santiago Márquez 0-0: Foul Ball, location: 2F
0-1: Ball
1-1: Ball
2-1: Ground out 1-3 (Groundball, 13)
Batting: RHB Rich Anderson 0-0: Foul Ball, location: 2F
0-1: Ball
1-1: Ball
2-1: Ground out 6-3 (Groundball, 6M)
Batting: RHB Raúl Canó 0-0: Foul Ball, location: 2F
0-1: Foul Ball, location: 2F
0-2: Strikes out swinging
Bottom of the 7th over - 0 run(s), 0 hit(s), 0 error(s), 0 left on base; San Francisco 9 - Orlando 4
TOP OF THE 8TH
San Francisco Bandits batting - Pitching for Orlando Calrissian : RHP Bernardo Hernández
Batting: RHB Javier Ramírez 0-0: Ball
1-0: Ball
2-0: Ball
3-0: Called Strike
3-1: Swinging Strike
3-2: Strikes out swinging
Pitching: RHP Tony Guerrero
Batting: RHB Pete Rideout 0-0: Ball
1-0: Called Strike
1-1: Ball
2-1: Called Strike
2-2: Foul Ball, location: 2F
2-2: Ball
3-2: Strikes out swinging
Batting: LHB Jerry Bryan 0-0: Foul Ball, location: 2F
0-1: Ball
1-1: Foul Ball, location: 2F
1-2: Foul Ball, location: 2F
1-2: Foul Ball, location: 2F
1-2: Ball
2-2: Ball
3-2: Strikes out swinging
Top of the 8th over - 0 run(s), 0 hit(s), 0 error(s), 0 left on base; San Francisco 9 - Orlando 4
BOTTOM OF THE 8TH
Orlando Calrissian batting - Pitching for San Francisco Bandits : RHP Mal Park
Pitching: RHP Carlos Ruíz
Now at 1B: Sadao Kato
Batting: RHB Frederico Hernández 0-0: Called Strike
0-1: Ground out 6-3 (Groundball, 6)
Batting: LHB Juan Colón 0-0: Called Strike
0-1: Ball
1-1: Ball
2-1: Fly out, F6 (Line Drive, 6)
Batting: RHB Enrique Bermúdez 0-0: Ground out 6-3 (Groundball, 6)
Bottom of the 8th over - 0 run(s), 0 hit(s), 0 error(s), 0 left on base; San Francisco 9 - Orlando 4
TOP OF THE 9TH
San Francisco Bandits batting - Pitching for Orlando Calrissian : RHP Tony Guerrero
Batting: RHB Jorge Morales 0-0: SINGLE (Line Drive, 56D)
Batting: RHB Michael Elliott 0-0: SINGLE (Line Drive, 78S)
Jorge Morales to second
Batting: RHB Cory Foster 0-0: Called Strike
0-1: Called Strike
0-2: Strikes out looking
Batting: SHB Vicente Ricks 0-0: Called Strike
0-1: Foul Ball, location: 2F
0-2: Ball
1-2: Foul Ball, location: 2F
1-2: SINGLE (Line Drive, 4MD)
Jorge Morales to third
Michael Elliott to second
Batting: RHB Bob Orr 0-0: Swinging Strike
0-1: SINGLE (Line Drive, 9LM)
Jorge Morales scores
Michael Elliott to third
Vicente Ricks to second
Batting: RHB Emílio Bruno 0-0: Ball
1-0: Ball
2-0: Ball
3-0: Called Strike
3-1: Fly out, F9 (Flyball, 9M)
Runner from 3rd tags up, SCORES, no throw
Batting: RHB Javier Ramírez 0-0: Ball
1-0: 3-RUN HOME RUN (Flyball, 7D), Distance : 380 ft
Batting: RHB Pete Rideout 0-0: Ball
1-0: Called Strike
1-1: Foul Ball, location: 2F
1-2: Foul Ball, location: 2F
1-2: Strikes out swinging
Top of the 9th over - 5 run(s), 5 hit(s), 0 error(s), 0 left on base; San Francisco 14 - Orlando 4
BOTTOM OF THE 9TH
Orlando Calrissian batting - Pitching for San Francisco Bandits : RHP Carlos Ruíz
Batting: RHB Robby Lewis 0-0: Ball
1-0: Ball
2-0: Called Strike
2-1: Ground out 4-3 (Groundball, 4)
Batting: LHB Danny Allen 0-0: Called Strike
0-1: Foul Ball, location: 2F
0-2: Foul Ball, location: 2F
0-2: Foul Ball, location: 2F
0-2: Ball
1-2: Fly out, F5 (Popup, 5SF)
Batting: SHB Tim Abbott 0-0: Foul Ball, location: 2F
0-1: Foul Ball, location: 2F
0-2: Ball
1-2: Ball
2-2: Strikes out swinging
Bottom of the 9th over - 0 run(s), 0 hit(s), 0 error(s), 0 left on base; San Francisco 14 - Orlando 4
Monday, December 5th, 2016 - OOTP Baseball 17.12 Build 75